Map: Orbital Shipyard

Players

Cloudetix - Winner!

  • Race: Terran Terran
  • League: Gold

Novawulfen

  • Race: Terran Terran
  • League: Gold

VOD

Have the link to the VOD?

Description

Time

  • Played on: Nov. 14, 2015, 6:49 p.m.
  • Length: 13:20
Show
View Real Time Build Order
Export as new Build Order

Cloudetix Terran - Winner!

Build Orders: Reaper Expand, Bio Tank, MMM Bio 

Get SALT Encoding   

  12  0:01  SCV  
  13  0:13  SCV  
  14  0:18  Supply Depot  
  14  0:25  SCV  
  15  0:40  SCV  
  15  0:42  Barracks  
  16  0:47  Refinery  
  16  0:52  SCV  
  17  1:05  SCV  
  18  1:18  SCV  
  19  1:30  Orbital Command  
  19  1:31  Reaper  
  20  1:42  Command Center  
  20  1:55  SCV  
  21  2:03  Barracks Reactor  
  21  2:09  SCV  
  22  2:21  SCV  
  23  2:24  Refinery  
  23  2:26  Supply Depot  
  23  2:33  Factory  
  23  2:38  SCV  
  23  2:48  Marine x2  
  23  2:50  SCV  
  26  2:54  Orbital Command  
  26  3:02  SCV  
  27  3:06  Marine x2  
  29  3:16  SCV  
  29  3:18  Factory Tech Lab  
  30  3:20  Starport  
  30  3:23  Marine  
  30  3:24  Marine  
  32  3:32  SCV x2  
  34  3:38  Siege Tank  
  37  3:43  Supply Depot  
  37  3:44  Marine x2  
  37  3:45  SCV  
  37  3:46  SCV  
  41  3:57  Medivac  
  41  3:59  SCV x2  
  45  4:04  Marine x2  
  45  4:05  Command Center  
  47  4:10  Supply Depot  
  47  4:12  SCV x2  
  49  4:17  Siege Tank  
  49  4:22  Marine x2  
  54  4:31  SCV x2  
  54  4:35  Viking  
  58  4:42  Supply Depot  
  58  4:43  SCV x2  
  58  4:44  Marine x2  
  62  4:51  Barracks  
  62  4:52  Barracks  
  62  5:03  SCV x2, Siege Tank  
  62  5:04  Supply Depot x2  
  67  5:09  Starport Tech Lab  
  67  5:11  Starport Reactor  
  67  5:15  SCV  
  67  5:17  SCV  
  69  5:22  Marine x2  
  69  5:28  SCV  
  72  5:29  Orbital Command  
  72  5:35  SCV  
  72  5:37  Siege Tank  
  72  5:40  Barracks Reactor, Barracks Tech Lab  
  76  5:48  SCV  
  77  5:53  Refinery  
  77  5:54  Refinery  
  77  5:55  Engineering Bay  
  77  5:56  Engineering Bay  
  77  5:57  Supply Depot, Orbital Command  
  77  5:58  Supply Depot  
  77  5:59  SCV  
  77  6:00  Stimpack  
  79  6:04  Marine x2  
  79  6:07  SCV  
  79  6:11  SCV, Marine  
  82  6:13  Medivac  
  85  6:22  Marine  
  85  6:25  Marine x2  
  86  6:28  SCV x3  
  88  6:40  Marine x3  
  88  6:42  SCV x2  
  93  6:48  SCV  
  94  6:54  Command Center, SCV x2, Barracks x2  
  94  6:58  Terran Infantry Weapons Level 1, Terran Infantry Armor Level 1, Barracks  
  96  7:08  Marine x5  
  97  7:13  SCV x3  
  104  7:25  SCV x2  
  104  7:26  Medivac x2, Siege Tank, Marine x3  
  116  7:30  Supply Depot  
  116  7:31  Supply Depot x2  
  116  7:36  SCV  
  117  7:39  Refinery  
  117  7:40  Refinery  
  117  7:41  Missile Turret  
  117  7:43  Missile Turret  
  117  7:45  Armory  
  117  7:48  Missile Turret  
  117  7:49  Missile Turret x2  
  117  7:52  SCV x2  
  117  7:53  Barracks Reactor x3  
  117  7:56  SCV  
  120  7:59  Supply Depot  
  120  8:01  Supply Depot x2  
  120  8:03  Marine  
  120  8:04  SCV x2, Marine x4  
  127  8:05  Siege Tank  
  127  8:06  Medivac x2  
  127  8:11  SCV  
  136  8:19  SCV  
  137  8:20  SCV  
  137  8:21  Marine x3  
  137  8:23  SCV  
  137  8:26  Supply Depot  
  141  8:27  Supply Depot  
  141  8:31  Marine x3  
  142  8:37  Marine x4  
  139  8:52  Marine x3  
  139  8:53  Marine  
  139  8:55  SCV x2  
  139  8:56  Planetary Fortress  
  139  8:58  Marine x3  
  139  8:59  SCV  
  139  9:05  Terran Infantry Weapons Level 2, Terran Infantry Armor Level 2  
  139  9:07  SCV  
  139  9:08  SCV  
  141  9:11  SCV  
  142  9:19  SCV, Marine x7  
  142  9:20  Siege Tank, Marine x2  
  142  9:21  Medivac x2  
  159  9:30  Sensor Tower  
  159  9:34  Marine x2  
  159  9:37  Marine x2  
  159  9:42  Marine  
  159  9:43  Marine x6  
  150  9:52  Marine x2  
  146  9:53  Medivac x2  
  146  9:54  Marine x2  
  149  10:00  Marine x3  
  149  10:01  Marine  
  153  10:09  Marine x4  
  153  10:10  Marine  
  153  10:12  Marine x2  
  160  10:14  Sensor Tower  
  160  10:18  Marine  
  161  10:23  Missile Turret  
  161  10:26  Missile Turret  
  161  10:27  Barracks  
  161  10:29  Barracks  
  161  10:34  Marine  
  161  10:35  Marine x3  
  165  10:37  Combat Shields  
  165  10:38  Marine x2  
  165  10:39  Marauder  
  169  10:43  Missile Turret  
  169  10:51  Factory  
  169  10:53  SCV x3  
  172  11:00  Marauder  
  172  11:01  Marine  
  172  11:02  Marine x6  
  181  11:04  Missile Turret  
  181  11:05  Sensor Tower  
  181  11:07  Missile Turret  
  181  11:12  Supply Depot  
  181  11:17  Marine x3  
  184  11:19  Marine  
  184  11:24  Missile Turret  
  185  11:26  Marine x3  
  185  11:27  Marine x3  
  188  11:55  Marine x3  
  188  11:56  Marine x6  
  188  11:59  Marine x2  
  197  12:13  Marine x3  
  197  12:15  Factory Tech Lab  
  200  12:16  Barracks Reactor x2  
  200  12:42  Marine  
Show
View Real Time Build Order
Export as new Build Order

Novawulfen Terran 

Build Orders: MMM Bio 

Get SALT Encoding   

  12  0:02  SCV  
  13  0:15  SCV  
  13  0:18  Supply Depot  
  14  0:28  SCV  
  15  0:31  Refinery  
  15  0:41  SCV  
  16  0:50  Barracks  
  16  0:56  SCV  
  17  1:11  SCV  
  18  1:23  SCV  
  19  1:35  SCV  
  20  1:43  Marine  
  20  1:46  Command Center  
  21  1:51  Supply Depot  
  21  2:01  Orbital Command  
  21  2:06  Marine  
  21  2:24  Factory  
  21  2:25  Marine  
  22  2:33  SCV  
  23  2:45  Supply Depot, SCV  
  24  2:57  SCV  
  25  2:58  Barracks Tech Lab  
  25  3:07  Factory Tech Lab  
  25  3:09  Starport  
  25  3:11  SCV  
  25  3:12  Orbital Command  
  26  3:18  Marine  
  27  3:21  Stimpack  
  27  3:23  SCV  
  28  3:41  SCV x2  
  29  3:42  Marine  
  31  3:51  Refinery  
  31  3:57  SCV  
  31  4:00  Siege Tank  
  35  4:07  SCV, Marine  
  37  4:15  Command Center  
  37  4:20  SCV  
  38  4:25  Marine  
  38  4:27  SCV  
  40  4:34  Medivac  
  42  4:38  SCV  
  42  4:40  Hellion  
  42  4:45  SCV  
  46  4:53  Supply Depot  
  46  4:54  Supply Depot  
  46  4:59  SCV x2, Marine  
  49  5:07  Barracks  
  49  5:08  Barracks  
  49  5:09  Viking, Refinery  
  49  5:12  SCV  
  49  5:14  SCV  
  51  5:37  SCV x2, Orbital Command  
  53  5:49  SCV x2, Marine  
  56  5:50  Viking  
  58  5:57  Engineering Bay  
  58  6:01  SCV  
  59  6:04  Barracks Reactor  
  59  6:05  Barracks Reactor  
  59  6:06  Marine  
  60  6:31  SCV x2  
  60  6:32  SCV, Marine  
  58  6:41  Siege Tank, Medivac  
  58  6:43  SCV  
  58  6:44  Marine x4  
  68  6:47  SCV x2  
  68  6:49  Marine  
  68  6:53  Refinery x2  
  71  6:55  SCV  
  71  6:56  Refinery  
  71  6:59  SCV  
  73  7:03  Missile Turret  
  73  7:05  SCV, Missile Turret  
  73  7:06  Marine x4  
  73  7:07  Marine  
  79  7:11  Medivac  
  81  7:19  SCV x2  
  81  7:20  SCV  
  84  7:22  Terran Infantry Weapons Level 1  
  84  7:25  Marine  
  85  7:48  Supply Depot  
  85  7:51  Supply Depot  
  85  7:52  Supply Depot  
  85  7:53  Marine x4  
  85  7:54  SCV, Siege Tank, Starport Tech Lab  
  85  7:57  Concussive Shells  
  93  8:03  Missile Turret  
  93  8:09  Marine  
  93  8:10  SCV x3  
  93  8:11  Command Center, Marine x2  
  99  8:22  SCV x2, Marine x2  
  103  8:27  Marine  
  103  8:29  SCV, Marine x2  
  107  8:34  SCV  
  107  8:40  Marine x2  
  110  8:45  Marine  
  110  8:47  Marine  
  110  8:48  SCV x3  
  114  8:49  Marine  
  104  8:57  Marine  
  104  8:58  Marine  
  104  9:01  SCV x2  
  104  9:02  SCV  
  102  9:03  Siege Tank, Marine  
  102  9:04  Raven  
  102  9:09  Command Center  
  108  9:10  Command Center  
  108  9:11  Combat Shields  
  108  9:12  Factory  
  108  9:13  SCV  
  108  9:14  SCV, Factory  
  110  9:17  SCV  
  110  9:19  Starport  
  110  9:20  Marine x3  
  110  9:21  Marine x2  
  116  9:25  SCV  
  87  9:53  Marine x2  
  89  10:01  Orbital Command  
  89  10:05  SCV x3, Missile Turret, Marine  
  89  10:06  Missile Turret, Marine x2  
  89  10:07  Missile Turret  
  95  10:11  Marine x2  
  97  10:23  Marine x2  
  97  10:24  Marine  
  97  10:25  Terran Infantry Armor Level 1  
  100  10:29  Marine  
  100  10:31  Engineering Bay  
  100  10:33  Armory  
  101  10:36  Supply Depot, SCV  
  101  10:37  SCV x2  
  101  10:38  SCV x2  
  106  10:44  Marine x4  
  106  10:45  Siege Tank, Medivac  
  106  10:47  Marine  
  106  10:49  SCV x2  
  118  10:52  Factory Tech Lab x2  
  118  10:59  Factory  
  118  11:00  Factory  
  118  11:01  Orbital Command x2  
  118  11:15  Medivac  
  120  11:23  SCV x3, Marine x2  
  120  11:24  Marauder, Marine x2  
  120  11:25  Siege Tank  
  132  11:26  Siege Tank x2  
  138  11:40  Orbital Command  
  138  11:41  Marine x3  
  138  11:43  SCV  
  138  11:44  SCV x3  
  138  11:45  Medivac  
  127  11:57  Siege Tank  
  115  12:05  Marine x2  
  115  12:06  Marine x3  
  120  12:10  Thor x2  
  132  12:16  Missile Turret  
  132  12:17  Missile Turret  
  132  12:18  SCV x3  
  132  12:21  Missile Turret, Medivac  
  137  12:23  Marine x3  
  137  12:24  Marine x2  
  137  12:27  Missile Turret  
  137  12:29  Thor  
  148  12:41  Marine x3  
Tags
 
Add a new tag
Caveats
  • Supply blocks, unpowered buildings, or Contaminate may cause inaccurate times.
  • Supply counts are checked every 10 seconds.